 Dungeon Crawl Stone Soup version 0.27.1-34-g3ba077fa99 (webtiles) character file.

Game seed: 2557583085746653387

2590 multipassport the Ducker (level 9, -1/44 HPs)
             Began as a Spriggan Conjurer on Jan 16, 2022.
             Engulfed by a steam dragon's steam (5 damage)
             ... on level 7 of the Dungeon.
             The game lasted 00:32:39 (8061 turns).

multipassport the Ducker (Spriggan Conjurer)        Turns: 8061, Time: 00:32:40

Health: -1/44      AC:  3    Str:  3    XL:     9   Next: 33%
Magic:  20/29      EV: 19    Int: 23    God:
Gold:   411        SH:  0    Dex: 13    Spells: 12/21 levels left

rFire    . . .     SeeInvis +   b - staff of earth
rCold    . . .     Faith    .   (shield currently unavailable)
rNeg     . . .     Spirit   .   a - +1 robe
rPois    .         Reflect  .   (helmet restricted)
rElec    .         Harm     .   (no cloak)
rCorr    .         Rampage  .   (gloves unavailable)
Will     +....                  (boots unavailable)
Stlth    ++........             (no amulet)
HPRegen  0.14/turn              g - ring of magical power
MPRegen  0.21/turn              (no ring)

@: very quick
A: very small, no large weapons, unfitting armour, see invisible, speed 3
a: no special abilities


You were on level 7 of the Dungeon.
You visited 1 branch of the dungeon, and saw 7 of its levels.

You collected 411 gold pieces.

Inventory:

Armour
 a - a +1 robe (worn)
 h - the +0 buckler "Wyquad" {rF+ Int+4}
   (You acquired it on level 2 of the Dungeon)

   Int:       It affects your intelligence (+4).
   rF:        It protects you from fire.
Magical Staves
 b - a staff of earth (weapon)
 e - a staff of poison
Jewellery
 g - a ring of magical power (left hand)
 r - a +6 ring of dexterity
Wands
 w - a wand of iceblast (3)
 x - a wand of digging (4)
 y - a wand of mindburst (12)
Scrolls
 c - 3 scrolls of fear
 f - 2 scrolls of identify
 i - 7 scrolls of enchant armour
 k - 2 scrolls of acquirement
 l - a scroll of torment {unknown}
 m - a scroll of summoning {unknown}
 n - 2 scrolls of blinking {unknown}
 o - 3 scrolls of teleportation {unknown}
 q - 3 scrolls of amnesia {unknown}
 s - a scroll of immolation {unknown}
 v - 3 scrolls of vulnerability {unknown}
 z - a scroll of enchant weapon {unknown}
Potions
 d - 5 potions of curing
 j - 2 potions of degeneration {unknown}
 p - a potion of attraction {unknown}
 t - a potion of lignification {unknown}
 u - a potion of berserk rage {unknown}


   Skills:
 + Level 3.5 Fighting
 - Level 0.1 Staves
 + Level 6.8 Dodging
 - Level 3.0 Stealth
 + Level 3.0 Shields
 + Level 6.8 Spellcasting
 + Level 5.0 Conjurations
 + Level 4.2 Air Magic
 - Level 4.1 Poison Magic


You had 12 spell levels left.
You knew the following spells:

 Your Spells              Type           Power      Damage    Failure   Level
a - Magic Dart            Conj           100%       1d8       1%          1
b - Searing Ray           Conj           62%        3d5       1%          2
c - Mephitic Cloud        Conj/Pois/Air  28%        N/A       3%          3
d - Swiftness             Air            27%        N/A       4%          3

Your spell library contained the following spells:

 Spells                   Type           Power      Damage    Failure   Level
 Shock                    Conj/Air       100%       1d9       1%          1
 Foxfire                  Conj/Fire      76%        2x1d7     2%          1
 Poisonous Vapours        Pois/Air       54%        N/A       2%          2
 Sandblast                Erth           22%        2d7       8%          1
 Conjure Flame            Conj/Fire      19%        6-21      9%          3
 Dazzling Flash           Conj/Hex       38%        N/A       9%          3
 Call Imp                 Summ           7%         N/A       12%         2
 Passwall                 Tmut/Erth      9%         N/A       12%         2
 Airstrike                Air            13%        N/A       14%         4
 Inner Flame              Hex/Fire       7%         N/A       24%         3
 Fulminant Prism          Conj/Hex       9%         3d7       28%         4
 Iskenderun's Mystic Bla  Conj/Tloc      19%        2d6       28%         4
 Leda's Liquefaction      Hex/Erth       5%         N/A       61%         4
 Alistair's Intoxication  Tmut/Pois      11%        N/A       67%         5
 Lee's Rapid Deconstruct  Erth           5%         3d7*      91%         5
 Iron Shot                Conj/Erth      14%        9d4       99%         6
 Starburst                Conj/Fire      9%         6d5       99%         6


Dungeon Overview and Level Annotations

Branches:
Dungeon (7/15)
 Temple: D:4-7

Altars:
Cheibriados
Gozag
Kikubaaqudgha
Okawaru
Trog
The Shining One

Shops:
D:2 !


Innate Abilities, Weirdness & Mutations

You are very small and have problems with some larger weapons.
You are too small for most types of armour.
You have supernaturally acute eyesight. (SInv)
You cover ground extremely quickly. (Speed+++)


Message History

Aim: a steam dragon (lightly wounded, 100% to hit)
The magic dart hits the steam dragon but does no damage.
The steam dragon is lightly wounded.
Casting: Magic Dart (safe; 1% risk of failure)
Confirm with . or Enter, or press ? or * to list all spells.
You can't see any susceptible monsters within range! (Use Z to cast anyway.) Sorry, you're not good enough to have a special ability.
Aiming: Magic Dart (safe; 1% risk of failure)
Press: ? - help, Q - select action, (/) - cycle Shift-Dir - straight line, f/p - steam dragon
Aim: a steam dragon (lightly wounded, 100% to hit)
The magic dart hits the steam dragon but does no damage.
The steam dragon is lightly wounded.
Casting: Magic Dart (safe; 1% risk of failure)
Confirm with . or Enter, or press ? or * to list all spells.
Aiming: Searing Ray (safe; 1% risk of failure)
Press: ? - help, Shift-Dir - straight line, f/p - steam dragon
Aim: a steam dragon (lightly wounded, 79% to hit)
The searing ray misses the steam dragon. (Press . to maintain the ray.)
The steam dragon breathes steam at you. The ball of steam hits you!
You are engulfed in a cloud of scalding steam.
The searing ray hits the steam dragon!
The steam dragon is severely wounded.
You are engulfed in a cloud of scalding steam.
The searing ray misses the steam dragon.
You finish channeling your searing ray.
You are engulfed in a cloud of scalding steam.
The steam dragon breathes steam at you. The ball of steam hits you!
* * * LOW HITPOINT WARNING * * *
Casting: Searing Ray (safe; 1% risk of failure)
Confirm with . or Enter, or press ? or * to list all spells.
Aiming: Searing Ray (safe; 1% risk of failure)
Press: ? - help, Shift-Dir - straight line, f/p - steam dragon
Aim: a steam dragon (steam, severely wounded, catching its breath, 79% to hit)
The searing ray misses the steam dragon. (Press . to maintain the ray.)
You are engulfed in a cloud of scalding steam.
You die...

....# ....# ....## .
.....# ... .....# ....
.....# ## ..... .....##
##..# ##..$..
......####...####..§....
.............#§.@D...#
#.............§.§#####
...#............##
...#......<.....#
..#.............#
........#.......##
.............#...#
..###........#...# ..
#...#.)..##..#


You could see a steam dragon (catching breath).

Vanquished Creatures
  Pikel (D:7)
  A hornet (D:7)
  A steam dragon (D:6)
  A water moccasin (D:7)
  3 ogres (D:4)
  The ghost of Jazqba the Grave Robber, an amateur HONe of Beogh (D:4)
  An ice beast (D:7)
  A necrophage (D:4)
  4 lemures (D:7)
  A phantom (D:6)
  Blork the orc (D:4)
  A kobold brigand (D:7)
  2 bullfrogs
  A wyvern skeleton (D:5)
  5 killer bees (D:4)
  A centaur zombie (D:5)
  A hound (D:5)
  A bullfrog skeleton (D:6)
  3 jellies
  A centaur skeleton (D:7)
  A gnoll shaman (D:6)
  Jessica (D:2)
  4 iguanas
  A hound skeleton (D:4)
  A howler monkey zombie (D:7)
  8 gnolls
  4 adders
  A shadow imp (D:7)
  2 white imps
  An adder zombie (D:5)
  6 worms
  2 dart slugs
  6 orcs
  8 bats
  11 endoplasms
  A giant cockroach (D:1)
  7 goblins
  8 hobgoblins
  11 jackals
  10 kobolds
  5 quokkas
  9 ball pythons
  2 frilled lizards
  7 rats
149 creatures vanquished.

Notes
Turn   | Place    | Note
-------+----------+-------------------------------------------
     0 | D:1      | multipassport the Spriggan Conjurer began the quest for the
                  | Orb.
     0 | D:1      | Reached XP level 1. HP: 9/9 MP: 5/5
   240 | D:1      | Reached XP level 2. HP: 9/14 MP: 0/6
   374 | D:1      | Learned a level 2 spell: Searing Ray
   736 | D:1      | Reached XP level 3. HP: 17/17 MP: 8/8
   937 | D:1      | Found a faded altar of an unknown god.
  1076 | D:2      | Found Uziotur's Distillery.
  1154 | D:2      | Reached skill level 1 in Fighting
  1340 | D:2      | You fall into a shaft and drop 2 floors!
  1359 | D:4      | Learned a level 3 spell: Mephitic Cloud
  1382 | D:4      | Reached XP level 4. HP: 19/22 MP: 10/10
  1656 | D:4      | Noticed a necrophage
  1668 | D:4      | Killed a necrophage
  1669 | D:4      | Reached skill level 1 in Air Magic
  1669 | D:4      | Reached skill level 1 in Poison Magic
  1669 | D:4      | Reached XP level 5. HP: 24/25 MP: 10/12
  2146 | D:3      | Got Sif Muna's Handbook of Earthen Contamination
  2571 | D:2      | Reached XP level 6. HP: 30/30 MP: 13/13
  2636 | D:2      | Identified 2 scrolls of acquirement
  2636 | D:2      | Acquired the +0 buckler "Wyquad" {rF+ Int+4}
  2702 | D:2      | Noticed Jessica
  2709 | D:2      | Killed Jessica
  3729 | D:3      | You fall into a shaft and drop 1 floor!
  4139 | D:4      | Noticed Jazqba's ghost (amateur HONe)
  4139 | D:4      | Found a transporter.
  4144 | D:4      | Found a transporter.
  4459 | D:4      | Reached XP level 7. HP: 21/33 MP: 15/15
  4611 | D:4      | Reached skill level 1 in Shields
  4646 | D:4      | Noticed Blork the orc
  4655 | D:4      | Killed Blork the orc
  4760 | D:4      | Reached skill level 5 in Spellcasting
  4839 | D:4      | Found an iron altar of Okawaru.
  5001 | D:5      | Entered Level 5 of the Dungeon
  5151 | D:5      | Learned a level 3 spell: Swiftness
  5238 | D:5      | Found a snail-covered altar of Cheibriados.
  5244 | D:5      | Found a bloodstained altar of Trog.
  5248 | D:5      | Found an ancient bone altar of Kikubaaqudgha.
  5277 | D:5      | Reached skill level 5 in Dodging
  5523 | D:5      | Reached XP level 8. HP: 39/39 MP: 17/17
  5797 | D:6      | Found an opulent altar of Gozag.
  6452 | D:6      | Found a glowing golden altar of the Shining One.
  6758 | D:4      | Killed Jazqba's ghost
  6914 | D:7      | Noticed Pikel
  7074 | D:7      | Killed Pikel
  7075 | D:7      | Reached XP level 9. HP: 21/44 MP: 9/19
  7609 | D:7      | Reached skill level 5 in Conjurations
  7800 | D:7      | Identified the +1 leather armour "Woadwuteoph" {rElec}
  8061 | D:7      | Engulfed by a steam dragon's steam

Illustrated notes

Levels and vault maps discovered:
D:1:      lemuel_arrival_rhombus, layout_basic, basic_ecumenical_altar,
          minmay_pentomino_s2
D:2:      layout_basic, serial_shops, nicolae_shop_statue_plus,
          kennysheep_jessica_study
D:3:      layout_loops_ring, kennysheep_generic_room_4
D:4:      layout_cave_pools, marbit_many_paths, gammafunk_ghost_smash,
          st_stairs_13, uniq_blork_the_orc
D:5:      layout_basic, minmay_overflow_temple_star_quad, serial_curves,
          eino_curves_02, eino_curves_01, minmay_fractal_squares_5
D:6:      layout_gridville, overflow_temple_1_default, grunt_gozag_breadcrumbs
D:7:      layout_layer_cave, minmay_temple_entry_nine_rooms, grunt_ministairs_6,
          uniq_pikel

Skill      XL: |  1  2  3  4  5  6  7  8  9 |
---------------+----------------------------+-----
Conjurations   | 3 4 5 |  5.0
Dodging        | 3 4 5 6 |  6.8
Spellcasting   | 3 4 5 6 |  6.8
Fighting       | 1 2 3 |  3.5
Air Magic      | 1 2 3 4 |  4.2
Poison Magic   | 1 2 4 |  4.1
Shields        | 1 2 3 |  3.0
Staves         | |  0.1
Stealth        | |  3.0

Action                   |  1- 3 |  4- 6 |  7- 9 || total
-------------------------+-------+-------+-------++-------
Melee: Staff             |    18 |       |       ||    18
 Cast: Magic Dart        |    52 |    97 |    83 ||   232
       Searing Ray       |     3 |    19 |    43 ||    65
       Mephitic Cloud    |       |     1 |    12 ||    13
  Use: Scroll            |       |     6 |       ||     6
Armor: Robe              |     1 |     3 |       ||     4
Dodge: Dodged            |    29 |    31 |    18 ||    78
